 Dungeon Crawl Stone Soup version 0.31-a0-255-g9c3d1c461a (webtiles) character file.

Game seed: 6810976485781914624

249 qw the Shooter (level 5, -1/45 HPs)
             Began as a Minotaur Hexslinger on July 12, 2023.
             Slain by an orc priest
             ... wielding a +0 morningstar
              (3 damage)
             ... on level 4 of the Dungeon.
             The game lasted 00:00:36 (2741 turns).

qw the Shooter (Minotaur Hexslinger)                Turns: 2741, Time: 00:00:37

Health: -1/45      AC:  8    Str: 13    XL:     5   Next: 87%
Magic:  5/5        EV: 11    Int: 10    God:
Gold:   90         SH:  0    Dex: 14    Spells: 5/6 levels left

rFire   . . .        Y - +3 triple crossbow (freeze)
rCold   . . .        (shield currently unavailable)
rNeg    . . .        a - +0 ring mail
rPois   .            (helmet restricted)
rElec   .            b - +0 cloak
rCorr   .            c - +0 pair of gloves
SInv    .            (no boots)
Will    .....        (no amulet)
Stlth   +            (no ring)
HPRegen 0.27/turn    (no ring)
MPRegen 0.09/turn

%: no passive effects
@: no status effects
A: horns 2, retaliatory headbutt
a: no special abilities


You were on level 4 of the Dungeon.
You visited 1 branch of the dungeon, and saw 4 of its levels.

You collected 90 gold pieces.


Innate Abilities, Weirdness & Mutations

You have a pair of horns on your head.
You reflexively headbutt those who attack you in melee.


   Skills:
 - Level 3.0 Fighting
 + Level 5.1 Ranged Weapons
 - Level 3.8 Armour
 - Level 2.1 Dodging
 - Level 1.0 Spellcasting
 - Level 2.0 Hexes


You had 5 spell levels left.
You knew the following spells:

 Your Spells              Type           Power      Damage    Failure   Level
a - Slow                  Hex            16%        N/A       30%         1

Your spell library contained the following spells:

 Spells                   Type           Power      Damage    Failure   Level
 Inner Flame              Hex/Fire       2%         N/A       80%         3
 Portal Projectile        Hex/Tloc       4%         N/A       80%         3
 Cause Fear               Hex            2%         N/A       97%         4

Inventory:

Hand Weapons
 Y - a +3 triple crossbow of freezing (weapon)
Armour
 a - a +0 ring mail (worn)
 b - a +0 cloak (worn)
 c - a +0 pair of gloves (worn)
Scrolls
 g - a scroll of identify
Potions
 d - a potion of attraction {unknown}
 j - a potion of curing

Dungeon Overview and Level Annotations

Branches:
Dungeon (4/15)
 Temple: D:4-7

Altars:
Zin


Message History

The orc closely misses you.
You shoot a bolt. The bolt completely misses the gnoll.
The gnoll hits you but does no damage. The orc misses you.
The gnoll hits you from afar with a +0 spear.
You shoot a bolt.
The bolt hits the orc priest but does no damage.
The gnoll closely misses you.
The gnoll hits you from afar with a +0 spear.
The orc closely misses you. You furiously retaliate!
You headbutt the orc. The orc closely misses you.
The orc priest barely misses you. The gnoll closely misses you.
You shoot a bolt. The bolt hits the orc!
The bolt freezes the orc.
You kill the orc!
The orc hits you but does no damage.
The orc wizard hits you but does no damage.
The orc priest hits you but does no damage.
The gnoll closely misses you.
The orc hits you from afar with a +0 trident.
The orc priest mumbles some strange prayers to Beogh against you.
You barely resist. The orc wizard misses you. You furiously retaliate!
You headbutt the orc wizard.
The gnoll hits you from afar with a +0 spear.
Your Fighting skill increases to level 3!
You shoot a bolt. The bolt closely misses the orc wizard.
The orc barely misses you.
The orc wizard hits you but does no damage.
The orc priest invokes the aid of Beogh against you.
You barely resist. The gnoll closely misses you.
The orc wizard closely misses you. You furiously retaliate!
You headbutt the orc wizard. The orc hits you but does no damage.
The orc priest calls upon Beogh to heal the orc wizard.
The orc wizard is healed somewhat.
The gnoll hits you from afar with a +0 spear.
You shoot a bolt. The bolt barely misses the orc wizard.
The orc hits you from afar with a +0 trident.
The orc wizard barely misses you.
The orc priest invokes the aid of Beogh against you.
You barely resist. The gnoll hits you but does no damage.
The orc priest hits you with a +0 morningstar.
You die...

.# # #### .# #.
#... .# #.#...
.# ##.
##.....#.# ....
.........#.....
#####.g[<%......
.....g##.)##.##.
.[....o@...#
.....o)o?#.....
........####....
...?....# ....
........# ...
........# ..
...?.....
.).....##


You could see an orc priest, an orc wizard, a gnoll and an orc.

Vanquished Creatures
  An ice beast (D:3)
  A gnoll bouda (D:4)
  Ijyb (D:3)
  An orc wizard (D:4)
  2 gnolls
  An adder (D:2)
  2 worms
  2 orcs
  A ball python (D:1)
  5 endoplasms
  A giant cockroach (D:3)
  A hobgoblin (D:3)
  3 quokkas
  4 bats
  4 frilled lizards
  8 goblins
  2 kobolds
  7 rats
47 creatures vanquished.

Notes
Turn   | Place    | Note
-------+----------+-------------------------------------------
     0 | D:1      | qw the Minotaur Hexslinger began the quest for the Orb.
     0 | D:1      | Reached XP level 1. HP: 16/16 MP: 1/1
     0 | D:1      | 0 ||| qw: Version: 0.3-a-52-g30416fa
     0 | D:1      | 0 ||| qw: Game counter: 6647
     0 | D:1      | 0 ||| qw: Melee chars always use a shield: true
     0 | D:1      | 0 ||| qw: God list: Okawaru
     0 | D:1      | 0 ||| qw: Allow faded altars: false
     0 | D:1      | 0 ||| qw: Do Orc after clearing Dungeon:15 true
     0 | D:1      | 0 ||| qw: Do second Lair branch before Depths: true
     0 | D:1      | 0 ||| qw: Lair rune preference: random
     0 | D:1      | 0 ||| qw: Goals: Normal
     0 | D:1      | 0 ||| PLANNING D:1-11
   360 | D:1      | Reached skill level 3 in Ranged Weapons
   360 | D:1      | Reached XP level 2. HP: 23/23 MP: 2/2
   955 | D:1      | 955 ||| UPGRADING to +0 leather armour.
   965 | D:1      | 965 ||| DROPPING +0 robe.
   966 | D:1      | 966 ||| READING scroll labelled SAUSUFFATU.
   966 | D:1      | Identified a scroll of acquirement
   966 | D:1      | 966 ||| ACQUIRING +3 triple crossbow of freezing
   966 | D:1      | Acquired a +3 triple crossbow of freezing
   968 | D:1      | 968 ||| SWAPPING to +3 triple crossbow of freezing.
   969 | D:1      | 969 ||| DROPPING +1 sling.
   970 | D:1      | 970 ||| READING scroll labelled HOSAC JOQETHRI.
   971 | D:1      | 971 ||| READING 2 scrolls labelled ZYPAAK HASOTZ.
   972 | D:1      | 972 ||| READING scroll labelled ENOETH TAQANWATS.
  1015 | D:1      | 1015 ||| DROPPING scroll of poison.
  1107 | D:2      | Identified the +2 spear of the Magic Mushroom {flame, rPois
                  | rCorr Str-3 Stlth+}
  1400 | D:2      | Reached XP level 3. HP: 28/29 MP: 3/3
  1511 | D:2      | Found a glowing silver altar of Zin.
  1808 | D:2      | 1808 ||| UPGRADING to +0 pair of gloves.
  1813 | D:2      | 1813 ||| READING scroll labelled LITUENTOURI.
  1814 | D:2      | 1814 ||| DRINKING 2 bubbling inky potions.
  1815 | D:2      | 1815 ||| READING 2 scrolls of identify.
  1815 | D:2      | 1815 ||| IDENTIFYING bubbling puce potion
  1816 | D:2      | 1816 ||| DROPPING potion of degeneration.
  2004 | D:3      | Noticed Ijyb
  2005 | D:3      | Killed Ijyb
  2006 | D:3      | Reached skill level 4 in Ranged Weapons
  2025 | D:3      | Reached XP level 4. HP: 36/36 MP: 4/4
  2248 | D:3      | 2248 ||| UPGRADING to +0 ring mail.
  2258 | D:3      | 2258 ||| DROPPING +0 leather armour.
  2259 | D:3      | 2259 ||| READING 2 scrolls of identify.
  2259 | D:3      | 2259 ||| IDENTIFYING dark potion
  2260 | D:3      | 2260 ||| DROPPING potion of invisibility.
  2267 | D:3      | 2267 ||| STAIRDANCE
  2412 | D:2      | 2412 ||| READING scroll labelled ISUCU ZUONU.
  2610 | D:3      | 2610 ||| UPGRADING to +0 cloak.
  2672 | D:4      | Noticed an ice beast
  2676 | D:4      | 2676 ||| STAIRDANCE
  2678 | D:3      | Killed an ice beast
  2679 | D:3      | Reached skill level 3 in Armour
  2679 | D:3      | Reached XP level 5. HP: 30/41 MP: 5/5
  2723 | D:4      | 2723 ||| STAIRDANCE
  2727 | D:3      | Reached skill level 5 in Ranged Weapons
  2734 | D:4      | 2734 ||| Stepping ~*~*~tactically~*~*~ (outnumbered).
  2735 | D:4      | 2735 ||| Stepping ~*~*~tactically~*~*~ (outnumbered).
  2739 | D:4      | HP: 10/44 [orc/+0 trident (5)]
  2740 | D:4      | Reached skill level 3 in Fighting
  2741 | D:4      | HP: 2/45 [orc/+0 trident (6)]
  2741 | D:4      | Slain by an orc priest

Levels and vault maps discovered:
D:1:      dpeg_arrival_circle_labyrinth_b, layout_basic, kennysheep_nondescript
D:2:      kb_forest_paths, layout_loops_corners, basic_altar
D:3:      layout_loops_ring, uniq_ijyb
D:4:      cheibrodos_barr_body, layout_rooms, minmay_temple_entry_waves,
          uniq_pikel

Skill      XL: |  1  2  3  4  5 |
---------------+----------------+-----
Ranged Weapons | 3 4 5 |  5.1
Fighting       | 2 3 |  3.0
Armour         | 3 |  3.8
Dodging        | |  2.1
Spellcasting   | |  1.0
Hexes          | |  2.0

Action                     |  1- 3 |  4- 6 || total
---------------------------+-------+-------++-------
   Fire: Sling             |    35 |       ||    35
         Triple crossbow   |    24 |    32 ||    56
    Use: Scroll            |     6 |     2 ||     8
         Potion            |     1 |       ||     1
 Armour: Robe              |     3 |       ||     3
         Leather armour    |     3 |     1 ||     4
         Ring mail         |       |     9 ||     9
  Dodge: Dodged            |    11 |    29 ||    40

Table legend:
 A = Non-vault XP
 B = Vault XP
 C = Vault XP percentage of total XP
 D = Non-vault monster count
 E = Vault monster count
 F = Vault count percentage of total count
                 A         B        C        D         E       F
            +---------+---------+-------+---------+---------+-------
      Total |     313 |      44 |  12.3 |      40 |       7 |  14.9
            +---------+---------+-------+---------+---------+-------
        D:1 |      16 |       0 |   0.0 |      11 |       0 |   0.0
        D:2 |      36 |       8 |  18.2 |      13 |       6 |  31.6
        D:3 |     165 |      36 |  17.9 |      11 |       1 |   8.3
        D:4 |      96 |       0 |   0.0 |       5 |       0 |   0.0
            +---------+---------+-------+---------+---------+-------
